 Dungeon Crawl Stone Soup version 0.28.0-43-g3370ac3207 (webtiles) character file.

Game seed: 7908197812239065992

751 silky the Skirmisher (level 7, -12/62 HPs)
             Began as a Minotaur Chaos Knight on Mar 30, 2022.
             Was a Plaything of Xom.
             Mangled by an ogre
             ... wielding a +0 giant club
              (23 damage)
             ... on level 5 of the Dungeon.
             The game lasted 00:11:09 (4351 turns).

silky the Skirmisher (Minotaur Chaos Knight)        Turns: 4351, Time: 00:11:10

Health: -12/62     AC:  7    Str: 18    XL:     7   Next: 49%
Magic:  6/6        EV: 12    Int:  9    God:    Xom [..*...]
Gold:   187        SH:  5    Dex: 10    Spells: 6/6 levels left

rFire   . . .      SeeInvis .   d - +3 quarterstaff (chaos)
rCold   . . .      Faith    .   (shield currently unavailable)
rNeg    . . .      Spirit   .   b - +3 leather armour
rPois   .          Reflect  +   (helmet restricted)
rElec   .          Harm     .   a - +0 cloak
rCorr   .          Rampage  .   (no gloves)
Will    .....                   (no boots)
Stlth   +.........              p - amulet of reflection
HPRegen 0.20/turn               (no ring)
MPRegen 0.10/turn               (no ring)

@: studying Short Blades
A: horns 2, retaliatory headbutt
a: Renounce Religion


You were on level 5 of the Dungeon.
You worshipped Xom.
You were a toy of Xom.
You visited 1 branch of the dungeon, and saw 5 of its levels.

You collected 187 gold pieces.

Inventory:

Hand Weapons
 d - a +3 quarterstaff of chaos (weapon)
 g - the +9 hunting sling of Xom's Benevolence {speed, rF+}
   (Xom gifted it to you on level 2 of the Dungeon)

   Attacks with this weapon are significantly faster.
   rF:        It protects you from fire.
Missiles
 i - 123 stones (quivered)
Armour
 a - a +0 cloak (worn)
 b - a +3 leather armour (worn)
Jewellery
 p - an amulet of reflection (around neck)
Wands
 j - a wand of polymorph (4)
 q - a wand of paralysis (2)
Scrolls
 c - 2 scrolls of blinking
 h - 4 scrolls of amnesia
 k - 6 scrolls of teleportation
Potions
 e - 3 potions of degeneration
 f - a potion of ambrosia
 l - a potion of attraction
 m - 3 potions of flight
 n - a potion of mutation {unknown}
 o - a potion of haste {unknown}
 r - a potion of curing {unknown}
 s - a potion of lignification {unknown}


   Skills:
 + Level 5.9 Fighting
 + Level 5.6(6.7) Maces & Flails
 + Level 5.6(6.8) Staves
 + Level 4.1 Armour
 + Level 3.0 Dodging
 + Level 0.6 Stealth


You had 6 spell levels left.
You didn't know any spells.
Your spell library contained the following spells:

 Spells                   Type           Power      Damage    Failure   Level
 Dazzling Flash           Conj/Hex       0%         N/A       82%         3
 Agony                    Necr           0%         N/A       100%        5
 Silence                  Hex/Air        0%         N/A       100%        5


Dungeon Overview and Level Annotations

Branches:
Dungeon (5/15)             Temple (0/1) D:4

Altars:
Makhleb
Ru

Shops:
D:3 (


Innate Abilities, Weirdness & Mutations

You have a pair of horns on your head.
You reflexively headbutt those who attack you in melee.


Message History

Done exploring.
There is a stone staircase leading down here.
You climb downwards.
Found a cyan potion, a cloak and 8 gold pieces.
There is a stone staircase leading up here.
You now have 168 gold pieces (gained 8).
s - a cyan potion You see here a +0 cloak.
Found a stone staircase leading up.
A hound comes into view.
Found 19 gold pieces.
The hound barks!
The hound barely misses you.
You thump the hound! You burn the hound. You headbutt the hound.
You kill the hound!
Your Dodging skill increases to level 3!
You now have 187 gold pieces (gained 19).
You open the door.
An ogre comes into view. It is wielding a +0 giant club.
The ogre shouts!
Xom smirks.
You detect items!
You block the ogre's attack.
You barely miss the ogre. You sock the ogre! Your headbutt misses the ogre.
The ogre is heavily wounded.
The ogre hits you with a +0 giant club!
You barely miss the ogre. You headbutt the ogre.
The ogre is heavily wounded.
The ogre barely misses you.
You hit the ogre.
The ogre flickers and vanishes!
Deactivating autopickup; reactivate with Ctrl-A.
You closely miss something. Your headbutt misses something.
Something hits you!!
You barely miss something. Something hits you!!
* * * LOW HITPOINT WARNING * * *
You closely miss something. Your headbutt misses something.
Something hits you!!
You die...
Xom titters!

#.#..#######
#.#..<...... ∆
.
###'#..#######
..##+# #......#
.....###......#
....##......#
#..##......#
###...#....###
#...@......+
#..{.##....#
##...#######
#....# ......#
......##
..##### ∆ .#


There were no monsters in sight!

Vanquished Creatures
  A necrophage (D:4)
  A kobold brigand (D:4)
  Dowan (D:4)
  A howler monkey (D:4)
  A centaur zombie (D:4)
  2 hounds
  2 jellies (D:4)
  An orc priest (D:4)
  Crazy Yiuf (D:2)
  Jessica (D:3)
  Natasha (thrice) (D:4)
  3 gnolls (D:4)
  8 adders
  An adder skeleton (D:4)
  A dart slug (D:1)
  8 orcs (D:4)
  3 bats
  7 endoplasms
  4 giant cockroaches
  8 goblins
  5 hobgoblins
  4 jackals (D:3)
  4 quokkas
  9 ball pythons
  11 frilled lizards
  11 kobolds
  3 rats
105 creatures vanquished.

Vanquished Creatures (others)
  8 plants (D:1)
8 creatures vanquished.

Grand Total: 113 creatures vanquished

Notes
Turn   | Place    | Note
-------+----------+-------------------------------------------
     0 | D:1      | silky the Minotaur Chaos Knight began the quest for the
                  | Orb.
     0 | D:1      | Reached XP level 1. HP: 19/19 MP: 0/0
    22 | D:1      | XOM: potion effect (haste)
   119 | D:1      | Reached XP level 2. HP: 20/27 MP: 1/1
   424 | D:1      | Found a faded altar of an unknown god.
   486 | D:1      | XOM: divination: detect items
   535 | D:1      | XOM: divination: magic mapping
   779 | D:1      | XOM: silly message
   973 | D:2      | Reached XP level 3. HP: 25/33 MP: 2/2
  1192 | D:2      | Found a runed translucent door.
  1198 | D:2      | Noticed Crazy Yiuf
  1513 | D:2      | HP: 1/34 [Crazy Yiuf/+3 quarterstaff of chaos (4)]
  1514 | D:2      | Killed Crazy Yiuf
  1515 | D:2      | Reached skill level 5 in Maces & Flails
  1515 | D:2      | Reached XP level 4. HP: 2/41 MP: 3/3
  1777 | D:2      | Identified the +9 hunting sling of Xom's Benevolence
                  | {speed, rF+} (Xom gifted it to you on level 2 of the
                  | Dungeon)
  1777 | D:2      | XOM: god gift: +9 hunting sling of Xom's Benevolence
                  | {speed, rF+}
  1860 | D:2      | XOM is BORED!
  1959 | D:3      | XOM: god gift: scroll labelled ILLEOD HUAHUM {god gift}
  1975 | D:3      | Found Afan Fib's Antique Weapon Boutique.
  2125 | D:3      | XOM: scenery: 2 doors open
  2146 | D:3      | Found a burning altar of Makhleb.
  2194 | D:3      | Noticed Jessica
  2203 | D:3      | Killed Jessica
  2204 | D:3      | Reached skill level 5 in Fighting
  2204 | D:3      | Reached XP level 5. HP: 48/48 MP: 4/4
  2231 | D:3      | XOM: 5-stop teleportation journey
  2686 | D:3      | Found a sacrificial altar of Ru.
  2758 | D:3      | Reached skill level 1 in Staves
  3113 | D:4      | Reached XP level 6. HP: 39/56 MP: 5/5
  3124 | D:4      | XOM: potion effect (might)
  3209 | D:4      | Noticed Duvessa
  3214 | D:4      | Noticed Dowan
  3440 | D:4      | Noticed Natasha
  3441 | D:4      | Found a staircase to the Ecumenical Temple.
  3443 | D:4      | Killed Natasha
  3444 | D:4      | Noticed Natasha
  3449 | D:4      | Killed Natasha
  3454 | D:4      | Noticed Natasha
  3463 | D:4      | Killed Natasha
  3499 | D:4      | Noticed Duvessa
  3499 | D:4      | Duvessa changed into Duvessa the jelly
  3503 | D:4      | Killed Dowan
  3504 | D:4      | Reached skill level 5 in Staves
  3504 | D:4      | Reached XP level 7. HP: 35/62 MP: 6/6
  3504 | D:4      | XOM: summons friendly crimson imp
  3506 | D:4      | Killed Duvessa the jelly
  4026 | D:4      | XOM: summons friendly white imp
  4308 | D:5      | Entered Level 5 of the Dungeon
  4342 | D:5      | XOM: divination: detect items
  4351 | D:5      | Mangled by an ogre

Illustrated notes

Levels and vault maps discovered:
D:1:      onia_arrival_mini_spirals, layout_loops_cross,
          shapermc_ecumenical_altar_mp_ritualfount, minmay_misc_feat_pillars,
          minmay_lizard_king
D:2:      layout_rooms, uniq_crazy_yiuf_cottage
D:3:      layout_basic, lemuel_doored_altar, mainiacjoe_overflow_24_doors,
          serial_shops, shop, minivault_24, chequers_arboretum,
          chequers_serial_rivers_micro_c, kennysheep_generic_room_13,
          uniq_jessica
D:4:      layout_loops_ring, minmay_temple_entry_slanted, minmay_manual_maat,
          uniq_duvessa, uniq_natasha
D:5:      layout_basic, hangedman_decor_growths

Skill      XL: |  1  2  3  4  5  6  7 |
---------------+----------------------+-----
Maces & Flails | 4 5 |  5.6
Fighting       | 4 5 |  5.9
Dodging        | 2 3 |  3.0
Staves         | 2 5 |  5.6
Armour         | 3 4 |  4.1
Stealth        | |  0.6

Action                   |  1- 3 |  4- 6 |  7- 9 || total
-------------------------+-------+-------+-------++-------
Melee: Mace              |    93 |       |       ||    93
       Headbutt          |     9 |    17 |     6 ||    32
       Punch             |     2 |       |       ||     2
       Quarterstaff      |       |    93 |    34 ||   127
Evoke: Wand              |       |     1 |       ||     1
  Use: Scroll            |     6 |     3 |       ||     9
       Potion            |     1 |     1 |       ||     2
 Stab: Paralysed         |     1 |       |       ||     1
Armor: Leather armour    |    35 |    33 |    10 ||    78
Dodge: Dodged            |    58 |    59 |    15 ||   132
Block: Other             |       |       |     6 ||     6
